 Dungeon Crawl Stone Soup version 0.23.2-33-g5129a83184 (webtiles) character file.

Game seed: 5099667155522739555

121 psyvane the Bolt Thrower (level 5, 0/29 HPs)
             Began as a Kobold Arcane Marksman on July 10, 2019.
             Was an Initiate of Kikubaaqudgha.
             Slain by an orc priest
             ... wielding a +0 mace
              (6 damage)
             ... on level 3 of the Dungeon.
             The game lasted 00:09:51 (1941 turns).

psyvane the Bolt Thrower (Kobold Arcane Marksman)   Turns: 1941, Time: 00:09:51

Health: 0/29       AC:  5    Str:  7    XL:     5   Next: 26%
Magic:  5/6        EV: 15    Int: 15    God:    Kikubaaqudgha [......]
Gold:   56         SH:  0    Dex: 16    Spells: 3/6 levels left

rFire    . . .     SeeInvis .   a - +0 hand crossbow
rCold    . . .     Gourm    .   (shield restricted)
rNeg     . . .     Faith    .   e - +0 robe
rPois    .         Spirit   .   (no helmet)
rElec    .         Reflect  .   i - +2 cloak {MR+}
rCorr    .         Harm     .   (no gloves)
MR       +....                  (no boots)
Stlth    +.........             g - amulet of regeneration
HPRegen  0.49/turn              (no ring)
MPRegen  0.10/turn              (no ring)

@: no status effects
A: small, carnivore
a: Renounce Religion


You were on level 3 of the Dungeon.
You worshipped Kikubaaqudgha.
Kikubaaqudgha was noncommittal.
You were full.

You visited 1 branch of the dungeon, and saw 3 of its levels.

You collected 56 gold pieces.

Inventory:

Hand Weapons
 a - a +0 hand crossbow (weapon)
Missiles
 d - 17 bolts (quivered)
Armour
 e - a +0 robe (worn)
 h - a +0 leather armour
 i - a +2 cloak of magic resistance (worn)
Jewellery
 g - an amulet of regeneration (around neck)
Scrolls
 c - a scroll of fog {unknown}
 k - a scroll of teleportation {unknown}
 n - a scroll of amnesia {unknown}
 o - a scroll of remove curse
Potions
 b - 2 potions of curing {unknown}
 j - a potion of might {unknown}
 l - a potion of magic {unknown}
 m - a potion of mutation {unknown}
 p - a potion of invisibility {unknown}
Comestibles
 f - 5 rations


   Skills:
 - Level 1.1 Fighting
 * Level 6.1 Crossbows
 - Level 2.4 Dodging
 - Level 1.1 Spellcasting
 - Level 3.0 Hexes


You had 3 spell levels left.
You knew the following spells:

 Your Spells              Type           Power        Failure   Level  Hunger
a - Corona                Hex            #......      7%          1    ##.....
b - Slow                  Hex            #.......     11%         2    ###....

Your spell library contained the following spells:

 Spells                   Type           Power        Failure   Level  Hunger
 Inner Flame              Hex/Fire       #.......     36%         3    ####...
 Portal Projectile        Hex/Tloc       #.....       36%         3    ####...
 Cause Fear               Hex            #.........   56%         4    #####..
 Leda's Liquefaction      Hex/Erth       #.........   78%         4    #####..


Dungeon Overview and Level Annotations

Branches:
Dungeon (3/15)

Altars:
Hepliaklqana
Kikubaaqudgha
Qazlal


Innate Abilities, Weirdness & Mutations

You are small and have problems with some larger weapons.
You are carnivorous and can eat meat at any time.


Message History

The orc priest is severely wounded.
The orc priest hits you with a +0 mace.
You are too injured to fight recklessly!
You are too injured to fight recklessly!
Firing (i - inventory)
d - 18 bolts (quivered)
Press: ? - help, Shift-Dir - straight line, f/p - orc priest
Aim: an orc priest, wielding a +0 mace (severely wounded)
You shoot a bolt. The bolt closely misses the orc priest.
The orc priest mumbles some strange prayers to Beogh against you.
Beogh smites you!
* * * LOW HITPOINT WARNING * * *
Okay, then.
Casting: Corona (safe; 7% risk of failure)
Confirm with . or Enter, or press ? or * to list all spells.
Aiming: Corona (safe; 7% risk of failure)
Press: ? - help, Shift-Dir - straight line, f/p - orc priest
Aim: an orc priest, wielding a +0 mace (severely wounded, chance to defeat MR: 44%)
The orc priest is outlined in light.
The orc priest hits you with a +0 mace.
You die...
Kikubaaqudgha rasps: "You have failed me!
Welcome... death!"

.......#.#
.)...(.#.#
......(#.#
......(#.#
......(#.###
......(#..(####
..
.......(..(...#
.#
.....##.##o##.#
#.#.# .?.
...##@##.# ..
.# #
..#####.##.# ..
.### #. #.##.#
.##... ..
..##.# .(.#####
### ####.#
.#....##....
#.#
.......#....
###.#
...........
#...#
.......#[.
#.###


You could see an orc priest.

Vanquished Creatures
  5 adders
  An ooze (D:3)
  A worm (D:2)
  A leopard gecko (D:2)
  6 orcs (D:3)
  7 giant cockroaches
  7 goblins
  4 hobgoblins
  4 kobolds
  3 quokkas (D:3)
  2 ball pythons
  10 bats
  9 rats
60 creatures vanquished.

Notes
Turn   | Place    | Note
-------+----------+-------------------------------------------
     0 | D:1      | psyvane the Kobold Arcane Marksman began the quest for the
                  | Orb.
     0 | D:1      | Reached XP level 1. HP: 12/12 MP: 2/2
   234 | D:1      | Reached skill level 3 in Crossbows
   256 | D:1      | Reached XP level 2. HP: 16/16 MP: 3/3
   315 | D:1      | Learned a level 2 spell: Slow
   720 | D:1      | Reached skill level 4 in Crossbows
   720 | D:1      | Reached XP level 3. HP: 20/20 MP: 4/4
  1110 | D:2      | Reached XP level 4. HP: 25/25 MP: 2/5
  1113 | D:2      | Reached skill level 5 in Crossbows
  1683 | D:3      | Reached XP level 5. HP: 29/29 MP: 3/6
  1760 | D:3      | Found a stormy altar of Qazlal.
  1760 | D:3      | Found an ancient bone altar of Kikubaaqudgha.
  1766 | D:3      | Found a hazy altar of Hepliaklqana.
  1785 | D:3      | Became a worshipper of Kikubaaqudgha
  1861 | D:3      | Reached skill level 6 in Crossbows
  1941 | D:3      | Slain by an orc priest

Skill      XL: |  1  2  3  4  5 |
---------------+----------------+-----
Crossbows      | 3 4 5 6 |  6.1
Fighting       | |  1.1
Dodging        | |  2.4
Spellcasting   | |  1.1
Hexes          | |  3.0

Action                   |  1- 3 |  4- 6 || total
-------------------------+-------+-------++-------
Melee: Hand crossbow     |       |     8 ||     8
 Fire: Hand crossbow     |    62 |    75 ||   137
 Cast: Corona            |    12 |    11 ||    23
  Use: Scroll            |     3 |     1 ||     4
       Potion            |       |     1 ||     1
  Eat: Chunk             |     3 |     6 ||     9
Armor: Robe              |     1 |    22 ||    23
Dodge: Dodged            |    12 |    70 ||    82
